 Dungeon Crawl Stone Soup version 0.20-a0-1114-g33edf32 (webtiles) character file.

199 Wardley the Shield-Bearer (level 5, 0/69 HPs)
             Began as a Hill Orc Fighter on May 6, 2017.
             Succumbed to a killer bee's poison
             ... on level 3 of the Dungeon.
             The game lasted 00:25:35 (3329 turns).

Wardley the Shield-Bearer (Hill Orc Fighter)        Turns: 3329, Time: 00:25:36

Health: 0/69       AC:  8    Str: 27    XL:     5   Next: 77%
Magic:  5/5        EV: 13    Int: 13    God:
Gold:   129        SH: 11    Dex: 15    Spells: 4/4 levels left

rFire    + . .     SeeInvis .   a - +0 war axe
rCold    . . .     Gourm    .   c - +0 shield
rNeg     . . .     Faith    .   b - +0 scale mail
rPois    +         Spirit   .   (no helmet)
rElec    .         Reflect  .   (no cloak)
rCorr    .         Harm     .   x - +0 pair of gloves
MR       .....                  (no boots)
Stlth    ..........             (no amulet)
Regen    0.3/turn               h - ring of wizardry
MPRegen  0.1/turn               (no ring)

@: mighty, brilliant, agile, berserking, lethally poisoned (0 -> -3), very quick
A: fire resistance 1, poison resistance, strong 1, MP-powered wands
a: no special abilities


You were on level 3 of the Dungeon.
You were not hungry.

You visited 1 branch of the dungeon, and saw 3 of its levels.

You collected 129 gold pieces.

Inventory:

Hand Weapons
 a - a +0 war axe (weapon)
 g - a +0 mace
 A - a +0 falchion
Missiles
 l - 60 stones (quivered)
 m - 4 tomahawks
 n - 49 arrows
 w - 5 bolts
Armour
 b - a +0 scale mail (worn)
 c - a +0 shield (worn)
 x - a +0 pair of gloves (worn)
 y - a +0 buckler
 B - a +0 leather armour
Magical Staves
 q - an uncursed staff of wizardry {unknown}
Jewellery
 h - a ring of wizardry (left hand)
Scrolls
 p - a scroll of enchant weapon {unknown}
 s - 5 scrolls of enchant armour {unknown}
 v - 2 scrolls of identify {unknown}
 z - a scroll of remove curse {unknown}
Potions
 d - a potion of might
 i - 4 potions of agility
 k - a potion of mutation
 t - a potion of lignification {unknown}
 u - a potion of resistance {unknown}
Comestibles
 f - 5 bread rations
 j - 4 meat rations


   Skills:
 + Level 3.9 Fighting
 + Level 3.1(3.7) Axes
 + Level 2.3(2.9) Maces & Flails
 + Level 0.3 Throwing
 + Level 4.5 Armour
 + Level 1.1 Dodging
 + Level 0.1 Stealth
 + Level 4.5 Shields


You had 4 spell levels left.
You didn't know any spells.

Dungeon Overview and Level Annotations

Branches:
Dungeon (3/15)

Altars:
Yredelemnul


Innate Abilities, Weirdness & Mutations

Your flesh is heat resistant. (rF+)
Your system is resistant to poisons. (rPois)
Your muscles are strong. (Str +2)
You expend magic power (3 MP) to strengthen your wands.


Message History

A red film seems to cover your vision as you go berserk!
You feel yourself moving faster!
You feel mighty!
* * * LOW HITPOINT WARNING * * *
You feel sick. You block the goblin's attack.
Unknown command.
You are too berserk!
You feel a strong urge to attack something.
* * * LOW HITPOINT WARNING * * *
You feel sick.
You closely miss the goblin. You block the goblin's attack.
You closely miss the goblin. You block the goblin's attack.
Your shield prevents you from hitting the goblin.
* * * LOW HITPOINT WARNING * * *
You feel sick.
A killer bee comes into view.
The killer bee buzzes angrily.
You slash the goblin!
You kill the goblin!
The killer bee misses you.
You die...

###..#.#
#.....##.#####.#
.##..#.# #.....##.#
#.# .##..#.#
#....y##.# #.#
..#..#.# ##.#'#.##†#
#.# .......#
#....#.##.# #.#
#.#.##.####..###.##.#
#.#
..........)..###.##.#
#.#
#...##.####.......y.#
#.#
....##.#########@####
#.# #..>......# #.#
#.# #.######### #.#
#.# #.##### #.# #.#
......# #.# #.#
####### #.########.#
#..........#
############


You could see 2 killer bees.

Vanquished Creatures
  2 killer bees (D:3)
  Jessica (D:2)
  An adder (D:3)
  An ooze (D:2)
  4 worms
  2 dart slugs (D:1)
  A leopard gecko (D:1)
  An orc (D:3)
  2 giant cockroaches (D:2)
  7 goblins
  7 hobgoblins
  A quokka (D:2)
  A ball python (D:2)
  9 bats
  10 frilled lizards
  6 kobolds
  7 rats
  A plant (D:2)
64 creatures vanquished.

Notes
Turn   | Place    | Note
-------+----------+-------------------------------------------
     0 | D:1      | Wardley the Hill Orc Fighter began the quest for the Orb.
     0 | D:1      | Reached XP level 1. HP: 19/19 MP: 1/1
   152 | D:1      | Reached XP level 2. HP: 18/27 MP: 2/2
   619 | D:1      | Reached XP level 3. HP: 33/33 MP: 3/3
   755 | D:1      | Found a basalt altar of Yredelemnul.
  1359 | D:2      | Noticed Jessica
  1365 | D:2      | Killed Jessica
  1365 | D:2      | Reached skill level 1 in Maces & Flails
  1365 | D:2      | Reached XP level 4. HP: 40/40 MP: 4/4
  3307 | D:3      | Reached skill level 1 in Dodging
  3307 | D:3      | Reached XP level 5. HP: 27/46 MP: 5/5
  3321 | D:3      | HP: 2/46 [poisoned by a killer bee]
  3322 | D:3      | Gained mutation: You expend magic power (3 MP) to strengthen your wands. [potion of mutation]
  3322 | D:3      | Gained mutation: Your flesh is heat resistant. (rF+) [potion of mutation]
  3322 | D:3      | Gained mutation: Your muscles are strong. (Str +2) [potion of mutation]
  3322 | D:3      | Gained mutation: Your system is resistant to poisons. (rPois) [potion of mutation]
  3327 | D:3      | HP: 1/69 [poisoned by a killer bee]
  3329 | D:3      | Succumbed to a killer bee's poison

Vault maps used:
D:1:      mushboom_english_gardens, kennysheep_flooded_box, minmay_cut_off
D:2:      minmay_lizard_king, uniq_jessica
D:3:      first_bread

Skill      XL: |  1  2  3  4 |
---------------+-------------+-----
Axes           | 3 |  3.1
Maces & Flails | 1 2 |  2.3
Shields        | 4 |  4.5
Armour         | 4 |  4.5
Dodging        | 1 |  1.1
Fighting       | |  3.9
Throwing       | |  0.3
Stealth        | |  0.1

Action                   |  1- 3 |  4- 6 || total
-------------------------+-------+-------++-------
Melee: War axe           |    34 |    13 ||    47
       Mace              |    88 |   183 ||   271
Throw: Stone             |     1 |     2 ||     3
  Use: Potion            |       |     6 ||     6
  Eat: Meat ration       |     1 |     1 ||     2
       Fruit             |       |     1 ||     1
Armor: Scale mail        |    76 |    75 ||   151
Dodge: Dodged            |    46 |    61 ||   107
Block: Shield            |    90 |   109 ||   199
